| TOP OF THE 1ST |
|
Las Vegas 51s batting - Pitching for Lehigh Valley IronPigs : RHP Alex Florez
|
|
Pitching: RHP Alex Florez
|
|
|
Batting: RHB Finn Ross
|
0-0: Ball 1-0: Foul Ball, location: 2F 1-1: SINGLE (Groundball, 34, EV 104.4 MPH)
|
|
Batting: SHB Jason Larson
|
0-0: Ball 1-0: Ball 2-0: Called Strike 2-1: Foul Ball, location: 2F 2-2: Ground out 6-3 (Groundball, P, EV 80.0 MPH) Finn Ross to second
|
|
Batting: RHB Josh Jones
|
0-0: Called Strike 0-1: Ball 1-1: Ball 2-1: Ball 3-1: Called Strike 3-2: Ground out 6-3 (Groundball, 6S, EV 86.2 MPH) Finn Ross to third
|
|
Batting: SHB Harrison Feist
|
0-0: Called Strike 0-1: Called Strike 0-2: Ball 1-2: Ball 2-2: Foul Ball, location: 2F 2-2: Fly out, F9 (Line Drive, 9, EV 103.8 MPH)
|
| Top of the 1st over - 0 runs, 1 hit, 0 errors, 1 left on base; Las Vegas 0 - Lehigh Valley 0 |
| BOTTOM OF THE 1ST |
|
Lehigh Valley IronPigs batting - Pitching for Las Vegas 51s : LHP Mike Capers
|
|
Pitching: LHP Mike Capers
|
|
|
Batting: LHB Theodore Conboy
|
0-0: Called Strike 0-1: Ball 1-1: SINGLE (Groundball, 4M, EV 103.8 MPH) (infield hit)
|
|
Batting: RHB Mark Schultz
|
0-0: Called Strike 0-1: SINGLE (Line Drive, 34D, EV 98.8 MPH) Theodore Conboy to second
|
|
Batting: LHB Josh George
|
0-0: Ball 1-0: Swinging Strike 1-1: Foul Ball, location: 2F 1-2: Ball 2-2: Grounds into double play, 6-4-3 (Groundball, 6, EV 82.5 MPH) Theodore Conboy to third
|
|
Batting: RHB Carlos Morejon
|
0-0: SINGLE (Groundball, 56D, EV 100.0 MPH) Theodore Conboy scores
|
|
Batting: SHB Benjamin Brown
|
0-0: SINGLE (Groundball, 4M, EV 102.5 MPH) (infield hit) Carlos Morejon to second
|
|
Batting: RHB Victor Arroyo
|
0-0: Ball 1-0: Ball 2-0: Called Strike 2-1: Swinging Strike 2-2: Strikes out looking
|
| Bottom of the 1st over - 1 run, 4 hits, 0 errors, 2 left on base; Las Vegas 0 - Lehigh Valley 1 |
| TOP OF THE 2ND |
|
Las Vegas 51s batting - Pitching for Lehigh Valley IronPigs : RHP Alex Florez
|
|
Batting: RHB Ken Fitzpatrick
|
0-0: Foul Ball, location: 2F 0-1: Ball 1-1: Swinging Strike 1-2: Foul Ball, location: 2F 1-2: Ground out 5-3 (Groundball, 56S, EV 90.0 MPH)
|
|
Batting: SHB Nelson Powell
|
0-0: Called Strike 0-1: Ball 1-1: Foul Ball, location: 2F 1-2: Foul Ball, location: 2F 1-2: Foul Ball, location: 2F 1-2: Foul Ball, location: 2F 1-2: Ball 2-2: Strikes out swinging
|
|
Batting: RHB Devine Adams
|
0-0: Ball 1-0: Called Strike 1-1: Swinging Strike 1-2: Strikes out swinging
|
| Top of the 2nd over - 0 runs, 0 hits, 0 errors, 0 left on base; Las Vegas 0 - Lehigh Valley 1 |
| BOTTOM OF THE 2ND |
|
Lehigh Valley IronPigs batting - Pitching for Las Vegas 51s : LHP Mike Capers
|
|
Batting: RHB Bill Moldenhauer
|
0-0: Called Strike 0-1: Ground out 4-3 (Groundball, 34, EV 86.2 MPH)
|
|
Batting: SHB Marco de Leon
|
0-0: Called Strike 0-1: Swinging Strike 0-2: Ball 1-2: Foul Ball, location: 2F 1-2: Strikes out swinging
|
|
Batting: SHB Bob Dixon
|
0-0: Called Strike 0-1: Ball 1-1: Ground out 6-3 (Groundball, 6, EV 87.5 MPH)
|
| Bottom of the 2nd over - 0 runs, 0 hits, 0 errors, 0 left on base; Las Vegas 0 - Lehigh Valley 1 |
| TOP OF THE 3RD |
|
Las Vegas 51s batting - Pitching for Lehigh Valley IronPigs : RHP Alex Florez
|
|
Batting: LHB Jose Chavez
|
0-0: Called Strike 0-1: Foul Ball, location: 2F 0-2: Ground out 4-3 (Groundball, 34D, EV 97.5 MPH)
|
|
Batting: RHB Alex Vasquez
|
0-0: Ball 1-0: Ball 2-0: Ball 3-0: Base on Balls
|
|
Batting: RHB Finn Ross
|
0-0: Ball 1-0: Ball 2-0: Foul Ball, location: 2F 2-1: Called Strike 2-2: Ball 3-2: SINGLE (Groundball, 4M, EV 105.6 MPH) (infield hit) Alex Vasquez to second
|
|
Batting: SHB Jason Larson
|
0-0: SINGLE (Line Drive, 7LM, EV 101.2 MPH) Alex Vasquez to third Finn Ross to second
|
|
Batting: RHB Josh Jones
|
0-0: Ball 1-0: Called Strike 1-1: Fielders Choice at 2nd, 5-4 (Groundball, 56, EV 84.4 MPH) Alex Vasquez scores Finn Ross to third
|
|
Batting: SHB Harrison Feist
|
0-0: SINGLE (Groundball, 6, EV 87.5 MPH) (infield hit) Finn Ross scores Josh Jones to second
|
|
Batting: RHB Ken Fitzpatrick
|
0-0: Ball 1-0: Ball 2-0: Ball 3-0: Called Strike 3-1: Foul Ball, location: 2F 3-2: Strikes out looking
|
| Top of the 3rd over - 2 runs, 3 hits, 0 errors, 2 left on base; Las Vegas 2 - Lehigh Valley 1 |
| BOTTOM OF THE 3RD |
|
Lehigh Valley IronPigs batting - Pitching for Las Vegas 51s : LHP Mike Capers
|
|
Batting: LHB Theodore Conboy
|
0-0: Ball 1-0: Ball 2-0: Called Strike 2-1: SINGLE (Line Drive, 4D, EV 101.2 MPH)
|
|
Batting: RHB Mark Schultz
|
0-0: Called Strike 0-1: Called Strike 0-2: Ball 1-2: Ball 2-2: Strikes out swinging
|
|
Batting: LHB Josh George
|
0-0: Ball 1-0: Ball 2-0: Called Strike 2-1: Swinging Strike 2-2: Strikes out looking
|
|
Batting: RHB Carlos Morejon
|
0-0: Ball 1-0: Foul Ball, location: 2F 1-1: Ball 2-1: Foul Ball, location: 2F 2-2: Strikes out looking
|
| Bottom of the 3rd over - 0 runs, 1 hit, 0 errors, 1 left on base; Las Vegas 2 - Lehigh Valley 1 |
| TOP OF THE 4TH |
|
Las Vegas 51s batting - Pitching for Lehigh Valley IronPigs : RHP Alex Florez
|
|
Batting: SHB Nelson Powell
|
0-0: Ball 1-0: Ball 2-0: Fly out, F8 (Flyball, 8LM, EV 90.0 MPH)
|
|
Batting: RHB Devine Adams
|
0-0: Ball 1-0: DOUBLE (Groundball, 5L, EV 95.6 MPH)
|
|
Batting: LHB Jose Chavez
|
0-0: Swinging Strike 0-1: Ball 1-1: Swinging Strike 1-2: Strikes out swinging
|
|
Batting: RHB Alex Vasquez
|
0-0: Foul Ball, location: 2F 0-1: Called Strike 0-2: Ball 1-2: Ball 2-2: SINGLE (Groundball, 4MD, EV 100.0 MPH) Devine Adams to third Runner from 3rd tries for Home, SAFE, throw by CF to home
|
|
Batting: RHB Finn Ross
|
0-0: Ball 1-0: Ball 2-0: Ball 3-0: Base on Balls Alex Vasquez to second
|
|
Batting: SHB Jason Larson
|
0-0: Swinging Strike 0-1: Foul Ball, location: 2RF, Error on foul ball, E2 0-2: Ball 1-2: Ball 2-2: Ball 3-2: Base on Balls Alex Vasquez to third Finn Ross to second
|
|
Batting: RHB Josh Jones
|
0-0: Swinging Strike 0-1: Reached on error, E2 (Groundball, 13S, EV 75.6 MPH) Alex Vasquez scores Finn Ross to third Jason Larson to second
|
|
Batting: SHB Harrison Feist
|
0-0: Foul Ball, location: 2F 0-1: Ball 1-1: Ball 2-1: Foul Ball, location: 2F 2-2: Ball 3-2: Base on Balls Finn Ross scores Jason Larson to third Josh Jones to second
|
|
Pitching: RHP Georgs Felitti
|
|
|
Batting: RHB Ken Fitzpatrick
|
0-0: Ball 1-0: Swinging Strike 1-1: Foul Ball, location: 2F 1-2: Strikes out looking
|
| Top of the 4th over - 3 runs, 2 hits, 2 errors, 3 left on base; Las Vegas 5 - Lehigh Valley 1 |
| BOTTOM OF THE 4TH |
|
Lehigh Valley IronPigs batting - Pitching for Las Vegas 51s : LHP Mike Capers
|
|
Batting: SHB Benjamin Brown
|
0-0: Fly out, F7 (Flyball, 78M, EV 95.6 MPH)
|
|
Batting: RHB Victor Arroyo
|
0-0: Ball 1-0: Foul Ball, location: 2F 1-1: Ball 2-1: Ball 3-1: Swinging Strike 3-2: Base on Balls
|
|
Batting: RHB Bill Moldenhauer
|
0-0: Called Strike 0-1: Called Strike 0-2: Ball 1-2: Ball 2-2: Foul Ball, location: 2F 2-2: Ball 3-2: SINGLE (Groundball, 6MD, EV 92.5 MPH) (infield hit) Victor Arroyo to second
|
|
Batting: SHB Marco de Leon
|
0-0: Ball 1-0: Called Strike 1-1: Ball 2-1: Foul Ball, location: 2F 2-2: Ball 3-2: Base on Balls Victor Arroyo to third Bill Moldenhauer to second
|
|
Batting: SHB Bob Dixon
|
0-0: Ball 1-0: Swinging Strike 1-1: Swinging Strike 1-2: Ball 2-2: Ball 3-2: Foul Ball, location: 2F 3-2: Strikes out looking
|
|
Batting: LHB Theodore Conboy
|
0-0: Ground out 4-3 (Groundball, 4, EV 82.5 MPH)
|
| Bottom of the 4th over - 0 runs, 1 hit, 0 errors, 3 left on base; Las Vegas 5 - Lehigh Valley 1 |
| TOP OF THE 5TH |
|
Las Vegas 51s batting - Pitching for Lehigh Valley IronPigs : RHP Georgs Felitti
|
|
Batting: SHB Nelson Powell
|
0-0: Called Strike 0-1: Called Strike 0-2: Ball 1-2: Ball 2-2: Foul Ball, location: 2F 2-2: Ground out 4-3 (Groundball, 4, EV 82.5 MPH)
|
|
Batting: RHB Devine Adams
|
0-0: Ball 1-0: Called Strike 1-1: Swinging Strike 1-2: Strikes out swinging
|
|
Batting: LHB Jose Chavez
|
0-0: Called Strike 0-1: Called Strike 0-2: Ball 1-2: Foul Ball, location: 2F 1-2: Foul Ball, location: 2F 1-2: Foul Ball, location: 2F 1-2: Fly out, F9 (Flyball, 9D, EV 98.8 MPH)
|
| Top of the 5th over - 0 runs, 0 hits, 0 errors, 0 left on base; Las Vegas 5 - Lehigh Valley 1 |
| BOTTOM OF THE 5TH |
|
Lehigh Valley IronPigs batting - Pitching for Las Vegas 51s : LHP Mike Capers
|
|
Batting: RHB Mark Schultz
|
0-0: Ball 1-0: Fly out, F7 (Flyball, 78M, EV 87.5 MPH)
|
|
Batting: LHB Josh George
|
0-0: Swinging Strike 0-1: Swinging Strike 0-2: Strikes out looking
|
|
Batting: RHB Carlos Morejon
|
0-0: Ball 1-0: Foul Ball, location: 2F 1-1: Foul Ball, location: 2F 1-2: Strikes out swinging
|
| Bottom of the 5th over - 0 runs, 0 hits, 0 errors, 0 left on base; Las Vegas 5 - Lehigh Valley 1 |
| TOP OF THE 6TH |
|
Las Vegas 51s batting - Pitching for Lehigh Valley IronPigs : RHP Georgs Felitti
|
|
Batting: RHB Alex Vasquez
|
0-0: Fly out, F9 (Line Drive, 89M, EV 100.0 MPH)
|
|
Batting: RHB Finn Ross
|
0-0: Called Strike 0-1: Foul Ball, location: 2F 0-2: Strikes out looking
|
|
Batting: SHB Jason Larson
|
0-0: Ball 1-0: Called Strike 1-1: SINGLE (Groundball, 6MS, EV 70.0 MPH) (infield hit)
|
|
Batting: RHB Josh Jones
|
0-0: Called Strike 0-1: Called Strike 0-2: Foul Ball, location: 2F 0-2: Ball 1-2: Strikes out swinging, 2-3 out at first.
|
| Top of the 6th over - 0 runs, 1 hit, 0 errors, 1 left on base; Las Vegas 5 - Lehigh Valley 1 |
| BOTTOM OF THE 6TH |
|
Lehigh Valley IronPigs batting - Pitching for Las Vegas 51s : LHP Mike Capers
|
|
Batting: SHB Benjamin Brown
|
0-0: Ball 1-0: DOUBLE (Line Drive, 89M, EV 88.8 MPH)
|
|
Batting: RHB Victor Arroyo
|
0-0: Called Strike 0-1: Ball 1-1: Called Strike 1-2: Foul Ball, location: 2F 1-2: Strikes out swinging
|
|
Batting: RHB Bill Moldenhauer
|
0-0: Called Strike 0-1: SINGLE (Groundball, 6D, EV 108.8 MPH) Benjamin Brown to third Runner from 3rd tries for Home, SAFE, throw by CF to home
|
|
Batting: SHB Marco de Leon
|
0-0: Called Strike 0-1: Ball 1-1: Fly out, F7 (Line Drive, 7S, EV 88.1 MPH)
|
|
Batting: SHB Bob Dixon
|
0-0: Ball 1-0: Called Strike 1-1: 2-RUN HOME RUN (Flyball, 7D, EV 107.5 MPH), Distance : 408 ft
|
|
Batting: LHB Theodore Conboy
|
0-0: Ball 1-0: Foul Ball, location: 2F 1-1: Ball 2-1: Foul Ball, location: 2F 2-2: Ball 3-2: Foul Ball, location: 2F 3-2: Fly out, F7 (Flyball, 7, EV 88.8 MPH)
|
| Bottom of the 6th over - 3 runs, 3 hits, 0 errors, 0 left on base; Las Vegas 5 - Lehigh Valley 4 |
| TOP OF THE 7TH |
|
Las Vegas 51s batting - Pitching for Lehigh Valley IronPigs : RHP Georgs Felitti
|
|
Pitching: RHP Josh Allport
|
|
|
Batting: SHB Harrison Feist
|
0-0: Called Strike 0-1: Ball 1-1: Ball 2-1: Ball 3-1: Fly out, F7 (Flyball, 7LM, EV 97.5 MPH)
|
|
Batting: RHB Ken Fitzpatrick
|
0-0: Foul Ball, location: 2F 0-1: Ball 1-1: Ground out 5-3 (Groundball, 56, EV 103.1 MPH)
|
|
Batting: SHB Nelson Powell
|
0-0: Foul Ball, location: 2F 0-1: Reached on error, E4 (Groundball, 4M, EV 98.8 MPH)
|
|
Batting: RHB Devine Adams
|
0-0: Ball 1-0: Called Strike 1-1: Foul Ball, location: 2F 1-2: Strikes out looking
|
| Top of the 7th over - 0 runs, 0 hits, 1 error, 1 left on base; Las Vegas 5 - Lehigh Valley 4 |
| BOTTOM OF THE 7TH |
|
Lehigh Valley IronPigs batting - Pitching for Las Vegas 51s : LHP Mike Capers
|
|
Pitching: RHP Thomas Clark
|
|
|
Batting: RHB Mark Schultz
|
0-0: Called Strike 0-1: Called Strike 0-2: Ground out 3-1 (Groundball, 34, EV 86.9 MPH)
|
|
Batting: LHB Josh George
|
0-0: Ground out 4-3 (Groundball, 4, EV 103.1 MPH)
|
|
Batting: RHB Carlos Morejon
|
0-0: Ball 1-0: Swinging Strike 1-1: Swinging Strike 1-2: Strikes out swinging
|
| Bottom of the 7th over - 0 runs, 0 hits, 0 errors, 0 left on base; Las Vegas 5 - Lehigh Valley 4 |
| TOP OF THE 8TH |
|
Las Vegas 51s batting - Pitching for Lehigh Valley IronPigs : RHP Josh Allport
|
|
Pitching: LHP Brian Wildrick
|
|
|
Batting: LHB Jose Chavez
|
0-0: Ball 1-0: Ball 2-0: Ball 3-0: Called Strike 3-1: Foul Ball, location: 2F 3-2: Foul Ball, location: 2F 3-2: Fly out, F8 (Flyball, 89M, EV 87.5 MPH)
|
|
Pitching: LHP Ignacio Amaya
|
|
|
Batting: RHB Alex Vasquez
|
0-0: Called Strike 0-1: Swinging Strike 0-2: Ball 1-2: Strikes out swinging
|
|
Batting: RHB Finn Ross
|
0-0: Called Strike 0-1: Ball 1-1: Ball 2-1: Ground out 5-3 (Groundball, 56S, EV 91.9 MPH)
|
| Top of the 8th over - 0 runs, 0 hits, 0 errors, 0 left on base; Las Vegas 5 - Lehigh Valley 4 |
| BOTTOM OF THE 8TH |
|
Lehigh Valley IronPigs batting - Pitching for Las Vegas 51s : RHP Thomas Clark
|
|
Batting: SHB Benjamin Brown
|
0-0: Ball 1-0: Fly out, F8 (Line Drive, 8LD, EV 104.4 MPH)
|
|
Batting: RHB Victor Arroyo
|
0-0: Ball 1-0: Ball 2-0: Swinging Strike 2-1: Foul Ball, location: 2F 2-2: Strikes out swinging
|
|
Batting: RHB Bill Moldenhauer
|
0-0: Ball 1-0: Foul Ball, location: 2F 1-1: Ball 2-1: Fly out, F7 (Flyball, 78M, EV 88.1 MPH)
|
| Bottom of the 8th over - 0 runs, 0 hits, 0 errors, 0 left on base; Las Vegas 5 - Lehigh Valley 4 |
| TOP OF THE 9TH |
|
Las Vegas 51s batting - Pitching for Lehigh Valley IronPigs : LHP Ignacio Amaya
|
|
Pitching: RHP Yuichi Nozawa
|
|
|
Batting: SHB Jason Larson
|
0-0: Ball 1-0: Ground out 6-3 (Groundball, 6M, EV 96.9 MPH)
|
|
Batting: RHB Josh Jones
|
0-0: Called Strike 0-1: Called Strike 0-2: Foul Ball, location: 2F 0-2: Ball 1-2: SINGLE (Groundball, 6S, EV 72.5 MPH) (infield hit)
|
|
Batting: SHB Harrison Feist
|
0-0: Called Strike Josh Jones steals 2nd base (no throw) 0-1: Foul Ball, location: 2F 0-2: Fly out, F9 (Flyball, 9, EV 90.0 MPH)
|
|
Pinch Hitting: LHB Bill Armijo
|
0-0: Ball 1-0: Called Strike 1-1: Ball 2-1: Swinging Strike 2-2: Ball 3-2: Base on Balls
|
|
Batting: SHB Nelson Powell
|
0-0: Ball 1-0: Foul Ball, location: 2F 1-1: Ball 2-1: Ball 3-1: Base on Balls Josh Jones to third Bill Armijo to second
|
|
Batting: RHB Devine Adams
|
0-0: Called Strike 0-1: Swinging Strike 0-2: Strikes out swinging
|
| Top of the 9th over - 0 runs, 1 hit, 0 errors, 3 left on base; Las Vegas 5 - Lehigh Valley 4 |
| BOTTOM OF THE 9TH |
|
Lehigh Valley IronPigs batting - Pitching for Las Vegas 51s : RHP Thomas Clark
|
|
Pitching: LHP Ken Dewey
|
|
|
Now at 1B: Roger Renteria
|
|
|
Now at 2B: Josh Jones
|
|
|
Batting: SHB Marco de Leon
|
0-0: Called Strike 0-1: Foul Ball, location: 2F 0-2: Ball 1-2: Foul Ball, location: 2F 1-2: Foul Ball, location: 2F 1-2: Strikes out swinging
|
|
Batting: SHB Bob Dixon
|
0-0: Ball 1-0: SINGLE (Groundball, 4MD, EV 94.4 MPH)
|
|
Batting: LHB Theodore Conboy
|
0-0: Ball 1-0: SINGLE (Groundball, 34, EV 106.9 MPH) Bob Dixon to second Runner from 2nd tries for 3rd, SAFE, no throw by RF
|
|
Batting: RHB Mark Schultz
|
0-0: Grounds into double play, 6-4-3 (Groundball, 6, EV 84.4 MPH)
|
| Bottom of the 9th over - 0 runs, 2 hits, 0 errors, 1 left on base; Las Vegas 5 - Lehigh Valley 4 |
|